 Dungeon Crawl Stone Soup version 0.19-a0-1731-g1e0734d (webtiles) character file.

474 Naow the Cleaver (level 6, 0/52 HPs)
             Began as a Minotaur Berserker on Sept 30, 2016.
             Was a Believer of Trog.
             Slain by a killer bee (5 damage)
             ... on level 5 of the Dungeon.
             The game lasted 00:05:22 (2596 turns).

Naow the Cleaver (Minotaur Berserker)               Turns: 2596, Time: 00:05:22

Health: 0/52       AC:  7    Str: 22    XL:     6   Next: 84%
Magic:  5/5        EV: 11    Int:  6    God:    Trog [**....]
Gold:   278        SH:  0    Dex:  9    Spells: 0 memorised, 5 levels left

rFire  . . .     SeeInvis .     a - +0 hand axe
rCold  + . .     Gourm    .     x - +1 ring mail {rC+}
rNeg   . . .     Faith    .     (no shield)
rPois  .         Spirit   .     (helmet restricted)
rElec  .         Dismiss  .     (no cloak)
rCorr  .         Reflect  .     (no gloves)
MR     ++...     Harm     .     p - +0 pair of boots
Stlth  ..........               (no amulet)
                                (no ring)
                                (no ring)

@: lethally poisoned (0 -> 0), regenerating
A: retaliatory headbutt, horns 2
a: Berserk, Trog's Hand, Burn Spellbooks, Renounce Religion


You were on level 5 of the Dungeon.
You worshipped Trog.
Trog was pleased with you.
You were near starving.

You visited 1 branch of the dungeon, and saw 5 of its levels.

You collected 278 gold pieces.

Inventory:

Hand Weapons
 a - a +0 hand axe (weapon)
Armour
 d - a +0 scale mail
 p - a +0 pair of boots (worn)
 x - a +1 ring mail of cold resistance (worn)
Jewellery
 b - a cursed -3 ring of strength {unknown}
Wands
 r - a wand of confusion (9/48)
 s - a wand of random effects (28/48)
Scrolls
 e - 3 scrolls of enchant armour {unknown}
 g - 3 scrolls of recharging {unknown}
 i - 3 scrolls of identify {unknown}
 j - a scroll of blinking {unknown}
 k - a scroll of fear {unknown}
 l - a scroll of noise {unknown}
 o - a scroll of remove curse {unknown}
 u - a scroll of immolation {unknown}
 v - a scroll of enchant weapon {unknown}
 w - 3 scrolls of teleportation {unknown}
 y - a scroll of random uselessness {unknown}
 B - a scroll of magic mapping {unknown}
 C - a scroll of fog {unknown}
Potions
 f - a potion of flight {unknown}
 h - 3 potions of heal wounds {unknown}
 m - a potion of mutation {unknown}
 n - a potion of degeneration {unknown}
 q - a potion of brilliance {unknown}
 D - a potion of cure mutation {unknown}
Comestibles
 c - 5 bread rations
 t - a meat ration
 z - a beef jerky
 A - a royal jelly


   Skills:
 - Level 3.7 Fighting
 + Level 9.3 Axes
 - Level 2.5 Armour
 - Level 2.1 Dodging


You had 5 spell levels left.
You didn't know any spells.

Dungeon Overview and Level Annotations

Branches:
Dungeon (5/15)
 Temple: D:4-7

Altars:
Kikubaaqudgha
Xom


Innate Abilities, Weirdness & Mutations

You reflexively headbutt those who attack you in melee.
You have a pair of horns on your head.


Message History

The killer bee barely misses you. You furiously retaliate!
You headbutt the killer bee. You barely miss the killer bee.
The killer bee is lightly wounded.
You feel sick. The killer bee barely misses you.
The killer bee completely misses you. You furiously retaliate!
You headbutt the killer bee. You closely miss the killer bee.
The killer bee is lightly wounded.
You feel sick. The killer bee closely misses you.
The killer bee stings you but does no damage.
You hit the killer bee but do no damage.
The killer bee is lightly wounded.
You feel sick. The killer bee barely misses you.
You barely miss the killer bee. Your headbutt misses the killer bee.
The killer bee is lightly wounded.
You feel sick. The killer bee stings you.
* * * LOW HITPOINT WARNING * * *
The killer bee stings you.
You die...

#. #. #.###.###
#.....^..
#.......# #
#.......#### .#
#..........#..#
#.......#.....
#......<#.>#..#.
#.......@†Z.....
#########y......
....##. .......
....... ....###
.##.. .# ###


You could see a killer bee and a quokka skeleton.

Vanquished Creatures
  The ghost of Naow the Chopper, an amateur MiBe of Trog (D:3)
  3 killer bees (D:5)
  A bullfrog zombie (D:4)
  Natasha (thrice) (D:4)
  Robin (D:2)
  4 adders
  An adder skeleton (D:4)
  2 worms (D:2)
  A dart slug (D:3)
  A leopard gecko (D:2)
  10 orcs
  5 bats
  8 giant cockroaches
  14 goblins
  6 hobgoblins
  6 jackals
  4 kobolds
  A quokka (D:1)
  4 frilled lizards
  7 rats
83 creatures vanquished.

Notes
Turn   | Place    | Note
-------+----------+-------------------------------------------
     0 | D:1      | Naow the Minotaur Berserker began the quest for the Orb.
     0 | D:1      | Reached XP level 1. HP: 19/19 MP: 0/0
    90 | D:1      | Reached skill level 4 in Axes
   122 | D:1      | Reached XP level 2. HP: 27/27 MP: 1/1
   616 | D:2      | Reached skill level 5 in Axes
   617 | D:2      | Reached XP level 3. HP: 33/33 MP: 2/2
   626 | D:2      | Noticed Robin
   628 | D:2      | Reached ** piety under Trog
   642 | D:2      | Killed Robin
  1074 | D:3      | Reached XP level 4. HP: 40/40 MP: 3/3
  1126 | D:3      | Reached skill level 6 in Axes
  1553 | D:3      | Noticed Naow's ghost (amateur MiBe)
  1569 | D:3      | Killed Naow's ghost
  1569 | D:3      | Reached skill level 7 in Axes
  1569 | D:3      | Reached XP level 5. HP: 46/46 MP: 4/4
  1836 | D:4      | Noticed Natasha
  1839 | D:4      | Reached skill level 8 in Axes
  1845 | D:4      | Killed Natasha
  1845 | D:4      | Reached XP level 6. HP: 24/52 MP: 5/5
  2001 | D:4      | Noticed Natasha
  2014 | D:4      | Killed Natasha
  2053 | D:4      | Found a shimmering altar of Xom.
  2146 | D:4      | Found an ancient bone altar of Kikubaaqudgha.
  2394 | D:4      | Noticed Natasha
  2401 | D:4      | Killed Natasha
  2583 | D:5      | Entered Level 5 of the Dungeon
  2591 | D:5      | Reached skill level 9 in Axes
  2596 | D:5      | Slain by a killer bee

Vault maps used:
D:1:      onia_arrival_larder
D:2:      uniq_robin
D:3:      kennysheep_generic_room_13
D:4:      lemuel_doored_altar, lemuel_crystal_altar, uniq_natasha
D:5:      led_sif_pool, kennysheep_mini, grunt_dithmenos_smoke_and_mirrors,
          basic_altar, first_bread, portal_sewer_entry_b, uniq_edmund

Skill      XL: |  1  2  3  4  5  6 |
---------------+-------------------+-----
Axes           | 4 5 7 8 9 |  9.3
Fighting       | |  3.7
Armour         | |  2.5
Dodging        | |  2.1

Action                   |  1- 3 |  4- 6 || total
-------------------------+-------+-------++-------
Melee: Hand axe          |    78 |   122 ||   200
       Headbutt          |    14 |    20 ||    34
Invok: Trog's Hand       |       |     4 ||     4
       Berserk           |       |     1 ||     1
 Stab: Sleeping          |     1 |       ||     1
  Eat: Chunk             |     1 |     5 ||     6
Armor: Scale mail        |    43 |    25 ||    68
       Ring mail         |       |    16 ||    16
Dodge: Dodged            |    51 |    78 ||   129
